 Dungeon Crawl Stone Soup version 0.21-a0-91-ga5031da (webtiles) character file.

161 Spazmo the Magician (level 5, -3/29 HPs)
             Began as a Deep Elf Conjurer on June 29, 2017.
             Slain by Pikel
             ... wielding a +1 whip of electrocution
              (12 damage)
             ... on level 4 of the Dungeon.
             The game lasted 00:14:28 (2606 turns).

Spazmo the Magician (Deep Elf Conjurer)             Turns: 2606, Time: 00:14:29

Health: -3/29      AC:  5    Str:  5    XL:     5   Next: 19%
Magic:  8/14       EV: 14    Int: 21    God:
Gold:   137        SH:  0    Dex: 15    Spells: 11/14 levels left

rFire    . . .     SeeInvis .   q - +0 short sword
rCold    . . .     Gourm    .   (no shield)
rNeg     . . .     Faith    .   a - +0 robe
rPois    .         Spirit   .   e - +0 helmet
rElec    .         Reflect  .   (no cloak)
rCorr    .         Harm     .   d - +1 pair of gloves
MR       .....                  (no boots)
Stlth    ++........             x - amulet of magic regeneration
HPRegen  0.09/turn              (no ring)
MPRegen  0.39/turn              (no ring)

@: no status effects
A: no striking features
a: no special abilities


You were on level 4 of the Dungeon.
You were not hungry.

You visited 1 branch of the dungeon, and saw 4 of its levels.

You collected 137 gold pieces.

Inventory:

Hand Weapons
 q - a +0 short sword (weapon)
Missiles
 m - 82 stones (quivered)
Armour
 a - a +0 robe (worn)
 d - a +1 pair of gloves (worn)
 e - a +0 helmet (worn)
Jewellery
 x - an amulet of magic regeneration (around neck)
Scrolls
 f - a scroll of remove curse
 u - a scroll of identify
Potions
 h - a potion of might
 i - a potion of lignification {unknown}
 j - 3 potions of flight
 o - a potion of curing
 p - a potion of brilliance {unknown}
 r - a potion of resistance {unknown}
 s - a potion of mutation {unknown}
 t - a potion of magic {unknown}
 z - a potion of ambrosia {unknown}
Books
 b - a book of Conjurations

   Spells                             Type                      Level
   a - Magic Dart                     Conjuration                  1
   b - Searing Ray                    Conjuration                  2
   c - Dazzling Spray                 Conjuration/Hexes            3
   d - Fulminant Prism                Conjuration/Hexes            4
   e - Force Lance                    Conjuration/Translocation    4
   f - Iskenderun's Mystic Blast      Conjuration                  4
Comestibles
 c - 3 bread rations
 l - a meat ration
 n - 2 fruits
 w - a royal jelly


   Skills:
 + Level 1.0 Fighting
 + Level 3.7 Dodging
 - Level 2.4 Stealth
 * Level 5.3 Spellcasting
 * Level 5.2 Conjurations


You had 11 spell levels left.
You knew the following spells:

 Your Spells              Type           Power        Failure   Level  Hunger
a - Magic Dart            Conj           ####         1%          1    None
b - Searing Ray           Conj           ####..       1%          2    None


Dungeon Overview and Level Annotations

Branches:
Dungeon (4/15)
 Temple: D:4-7

Altars:
Okawaru

Annotations:
D:4 Pikel; ultrashaft's ghost, amateur DENe


Message History

You kill the orc!
The slave completely misses you. The orc closely misses you.
Pikel hits you with a whip of electrocution.
The searing ray hits Pikel.
Pikel is moderately wounded.
The searing ray misses the orc.
You finish channeling your searing ray.
The slave hits you. The orc barely misses you.
Pikel says, "Slavery isn't that bad."
Pikel hits you with a whip of electrocution.
Casting: Searing Ray
Confirm with . or Enter, or press ? or * to list all spells.
Aiming: Searing Ray
Press: ? - help, Shift-Dir - straight line, f/p - Pikel
Aim: Pikel, wielding a whip of electrocution and wearing a robe (moderately wounded)
The searing ray misses Pikel.
The searing ray hits the orc.
The orc is almost dead. (Press . to maintain the ray.)
The slave closely misses you. The orc completely misses you.
Pikel hits you but does no damage.
You are electrocuted!
You die...

#######
#.....#
#.....#
.##..opp#
...?..pop#
..#..)oK@#
#.###### #


You could see Pikel, 4 slaves and 3 orcs.

Vanquished Creatures
  Jessica (D:2)
  Robin (D:3)
  5 adders
  An ooze (D:2)
  A worm (D:2)
  2 dart slugs
  A leopard gecko (D:3)
  3 orcs
  2 giant cockroaches
  17 goblins
  6 hobgoblins
  A quokka (D:2)
  3 ball pythons
  7 bats
  3 frilled lizards
  8 kobolds
  5 rats (D:1)
67 creatures vanquished.

Vanquished Creatures (others)
  A frilled lizard (D:3)
1 creature vanquished.

Grand Total: 68 creatures vanquished

Notes
Turn   | Place    | Note
-------+----------+-------------------------------------------
     0 | D:1      | Spazmo the Deep Elf Conjurer began the quest for the Orb.
     0 | D:1      | Reached XP level 1. HP: 10/10 MP: 6/6
   277 | D:1      | Reached XP level 2. HP: 11/15 MP: 4/8
   281 | D:1      | Learned a level 2 spell: Searing Ray
  1213 | D:2      | Found an iron altar of Okawaru.
  1242 | D:2      | Reached XP level 3. HP: 20/20 MP: 2/10
  1628 | D:2      | Noticed Jessica
  1634 | D:2      | Killed Jessica
  1634 | D:2      | Reached skill level 5 in Conjurations
  1634 | D:2      | Reached XP level 4. HP: 24/24 MP: 5/12
  2001 | D:3      | Reached skill level 5 in Spellcasting
  2069 | D:3      | Noticed Robin
  2100 | D:3      | Killed Robin
  2100 | D:3      | Reached XP level 5. HP: 20/28 MP: 1/14
  2140 | D:3      | Reached skill level 1 in Fighting
  2556 | D:4      | Noticed ultrashaft's ghost (amateur DENe)
  2599 | D:4      | Noticed Pikel
  2599 | D:4      | Noticed a slave
  2599 | D:4      | Noticed a slave
  2599 | D:4      | Noticed a slave
  2599 | D:4      | Noticed a slave
  2606 | D:4      | Slain by Pikel

Vault maps used:
D:1:      eino_arrival_water_star
D:2:      overflow_temple_1_default, kennysheep_generic_room_16, uniq_jessica
D:3:      nrook_mini_backslash, uniq_robin
D:4:      first_bread, uniq_blork_the_orc, uniq_edmund, uniq_eustachio,
          uniq_pikel

Skill      XL: |  1  2  3  4  5 |
---------------+----------------+-----
Spellcasting   | 4 5 |  5.3
Dodging        | 3 |  3.7
Conjurations   | 5 |  5.2
Fighting       | 1 |  1.0
Stealth        | |  2.4

Action                   |  1- 3 |  4- 6 || total
-------------------------+-------+-------++-------
Melee: Short sword       |       |    29 ||    29
 Cast: Magic Dart        |    72 |    49 ||   121
       Searing Ray       |     1 |     4 ||     5
  Use: Scroll            |     3 |     8 ||    11
       Potion            |     3 |     1 ||     4
  Eat: Chunk             |     2 |     3 ||     5
Armor: Robe              |     1 |    22 ||    23
Dodge: Dodged            |     5 |    67 ||    72
